 Dungeon Crawl Stone Soup version 0.26-a0-519-gb2f46efeda (webtiles) character file.

Game seed: 7873699420015635017

2256 MrRokkomies the Tainter (level 9, -4/53 HPs)
             Began as an Octopode Venom Mage on Aug 11, 2020.
             Was a Believer of Dithmenos.
             Slain by an ice beast (11 damage)
             ... on level 7 of the Dungeon.
             The game lasted 00:17:57 (7238 turns).

MrRokkomies the Tainter (Octopode Venom Mage)       Turns: 7238, Time: 00:17:59

Health: -4/53      AC:  3    Str:  4 (7)  XL:     9   Next: 37%
Magic:  13/13      EV: 16    Int: 18 (19) God:    Dithmenos [**....]
Gold:   329        SH:  0    Dex: 12 (14) Spells: 1/14 levels left

rFire    + . .     SeeInvis .   a - +3 short sword (flame)
rCold    . . .     Faith    .   (no shield)
rNeg     . . .     Spirit   .   s - +2 hat
rPois    .         Reflect  .   (no amulet)
rElec    .         Harm     .   (no ring)
rCorr    .                      (no ring)
MR       .....                  (no ring)
Stlth    +++.......             (no ring)
HPRegen  0.17/turn              (no ring)
MPRegen  0.13/turn              (no ring)
                                (no ring)
                                (no ring)

@: confused, wreathed by umbra
A: almost no armour, stealthy swim, amphibious, 8 rings, constrict 8, camouflage
1, agile 1, blurry vision 1, dopey 1, fire resistance 1, gelatinous body 1
a: Shadow Step, Renounce Religion


You were on level 7 of the Dungeon.
You worshipped Dithmenos.
Dithmenos was pleased with you.
You visited 2 branches of the dungeon, and saw 8 of its levels.

You collected 329 gold pieces.

Inventory:

Hand Weapons
 a - a +3 short sword of flaming (weapon)
 y - a +0 dagger of holy wrath
 z - a +3 long sword of freezing
 A - the +0 mace "Beast's Undoing" {drain, rElec Str-2 Int+3}
   (You found it on level 6 of the Dungeon)

   A truly terrible weapon, it drains the life of those it strikes.
   It affects your strength (-2).
   It affects your intelligence (+3).
   It insulates you from electricity.
 B - a +3 broad axe of flaming
Missiles
 g - a throwing net
 n - 10 poisoned darts (quivered)
Armour
 s - a +2 hat (worn)
Wands
 e - a wand of iceblast (16)
 f - a wand of acid (5)
 x - a wand of disintegration (3)
Scrolls
 j - a scroll of blinking
 l - 3 scrolls of remove curse
 o - a scroll of enchant armour
 t - 3 scrolls of identify
 u - 2 scrolls of enchant weapon
 v - a scroll of teleportation
 w - a scroll of amnesia
 C - a scroll of fear {unknown}
Potions
 b - 2 potions of flight
 m - 2 potions of brilliance
 p - a potion of degeneration


   Skills:
 - Level 1.3 Fighting
 - Level 2.9 Short Blades
 * Level 6.8 Dodging
 + Level 7.6 Stealth
 - Level 3.0 Spellcasting
 - Level 4.0 Transmutations
 * Level 8.8 Poison Magic


You had one spell level left.
You knew the following spells:

 Your Spells              Type           Power        Failure   Level
a - Sting                 Tmut/Pois      ####         1%          1
b - Poisonous Vapours     Pois/Air       ###...       4%          2
c - Olgreb's Toxic Radia  Pois           ####....     4%          4
d - Ignite Poison         Fire/Tmut/Pois ###.....     9%          3
e - Mephitic Cloud        Conj/Pois/Air  ##......     14%         3

Your spell library contained the following spells:

 Spells                   Type           Power        Failure   Level
 Beastly Appendage        Tmut           ###...       3%          1
 Shock                    Conj/Air       #...         16%         1
 Spider Form              Tmut/Pois      ####......   3%          3
 Wereblood                Tmut           ###.....     4%          2
 Swiftness                Air            #.......     24%         2
 Static Discharge         Conj/Air       #.......     43%         3
 Ice Form                 Ice/Tmut       #.......     56%         4
 Blade Hands              Tmut           ###.......   65%         5
 Airstrike                Air            #.........   85%         4
 Lightning Bolt           Conj/Air       #.........   99%         5


Dungeon Overview and Level Annotations

Branches:
Dungeon (7/15)             Temple (1/1) D:5

Altars:
Cheibriados
Dithmenos
Hepliaklqana
Makhleb
Nemelex Xobeh
Qazlal
Vehumet
Wu Jian
Xom
Zin


Innate Abilities, Weirdness & Mutations

You cannot wear most types of armour.
You are very stealthy in the water. (Stealth+)
You are amphibious.
You can wear up to eight rings at the same time.
You can use your tentacles to constrict eight enemies at once.
Your skin changes colour to match your surroundings (Stealth+).
Your rubbery body absorbs attacks. (AC +1, EV +1)
You are agile. (Dex +2)
Scrolls take you a little longer to read.
You are dopey. (Int -2)
Your flesh is heat resistant. (rF+)


Message History

Really read with blurry vision while enemies are nearby? [Y]es or [N]o only, please.
Really read with blurry vision while enemies are nearby? [Y]es or [N]o only, please.
Really read with blurry vision while enemies are nearby?
Okay, then.
Unknown command.
Unknown command.
You are confused.
You feel invigorated. The hippogriff closely misses you.
The hippogriff barely misses you. The hippogriff completely misses you.
The ice beast closely misses you.
You miss the ice beast. You squeeze the ice beast.
The ice beast is moderately wounded.
You kill the hippogriff!
Dithmenos accepts your kill. The ice beast hits you.
* * * LOW HITPOINT WARNING * * *
The ice beast freezes you!
You die...

.............# ##.. # #>
#....#>....... #... ##
...#....... ...# #..###.
...#...... ..... ###.....
......#..###......#.#..###
......#................# #
##.............#...## # ##
#.....#Y......###...#
#..###....@....$..##....###
#.......(........# #....<##
#.............##.# #.###...
###..........###.# #.# #...
#.......#....###.##..###...
#......###....##......##...
##....................#....
###.#....###.#............
...##### ##.)...........


You could see an ice beast.

Vanquished Creatures
  Maggie (D:7)
  A hippogriff (D:7)
  Sigmund (D:2)
  Menkaure (D:7)
  A sky beast (D:5)
  An ogre (D:7)
  A phantom (D:7)
  2 centaurs (D:6)
  A bullfrog (D:7)
  A scorpion (D:4)
  5 wights (D:6)
  2 howler monkeys (D:4)
  A hound (D:6)
  2 orc priests
  4 orc wizards (D:5)
  Crazy Yiuf (D:6)
  3 iguanas
  5 worker ants (D:4)
  2 hound zombies (D:5)
  3 gnolls (D:5)
  8 adders
  4 shadow imps
  An ufetubus (D:5)
  An ooze (D:5)
  4 worms
  A dart slug (D:4)
  5 leopard geckos
  13 orcs
  2 giant cockroaches
  11 goblins
  5 hobgoblins
  7 jackals
  2 quokkas
  A ball python (D:1)
  9 bats
  6 frilled lizards
  A giant cockroach zombie (D:5)
  9 kobolds
  A quokka skeleton (D:4)
  A quokka zombie (D:7)
  10 rats
141 creatures vanquished.

Notes
Turn   | Place    | Note
-------+----------+-------------------------------------------
     0 | D:1      | MrRokkomies the Octopode Venom Mage began the quest for the
                  | Orb.
     0 | D:1      | Reached XP level 1. HP: 11/11 MP: 3/3
   186 | D:1      | Reached skill level 4 in Poison Magic
   190 | D:1      | Reached XP level 2. HP: 8/17 MP: 1/5
   876 | D:1      | Reached XP level 3. HP: 17/21 MP: 6/6
  1351 | D:2      | Noticed Sigmund
  1366 | D:2      | Killed Sigmund
  1366 | D:2      | Reached skill level 1 in Fighting
  1366 | D:2      | Reached skill level 1 in Short Blades
  1366 | D:2      | Reached skill level 5 in Poison Magic
  1366 | D:2      | Reached XP level 4. HP: 9/28 MP: 4/8
  1366 | D:2      | Reached XP level 5. HP: 11/33 MP: 4/9
  1791 | D:2      | Reached XP level 6. HP: 38/38 MP: 10/10
  2145 | D:2      | Found a shadowy altar of Dithmenos.
  2145 | D:2      | Found a snail-covered altar of Cheibriados.
  2149 | D:2      | Became a worshipper of Dithmenos the Shadowed
  3184 | D:4      | Found a stormy altar of Qazlal.
  3425 | D:4      | Reached * piety under Dithmenos
  3539 | D:4      | Reached XP level 7. HP: 19/43 MP: 8/11
  3774 | D:4      | Learned a level 2 spell: Poisonous Vapours
  3779 | D:4      | Learned a level 4 spell: Olgreb's Toxic Radiance
  3783 | D:4      | Learned a level 3 spell: Ignite Poison
  3805 | D:4      | Reached skill level 5 in Stealth
  4507 | D:5      | Entered Level 5 of the Dungeon
  4520 | D:5      | Reached skill level 6 in Poison Magic
  4791 | D:5      | Found a staircase to the Ecumenical Temple.
  4910 | Temple   | Entered the Ecumenical Temple
  5276 | D:5      | Found a hazy altar of Hepliaklqana.
  5277 | D:5      | Found a shimmering altar of Xom.
  5278 | D:5      | Noticed a spectral ugly thing
  5334 | D:5      | Reached ** piety under Dithmenos
  5334 | D:5      | Reached XP level 8. HP: 48/48 MP: 4/12
  5458 | D:5      | HP: 2/48 [sky beast (5)]
  5822 | D:6      | Learned a level 3 spell: Mephitic Cloud
  5846 | D:6      | Found a runed translucent door.
  5847 | D:6      | Noticed Crazy Yiuf
  6063 | D:6      | Reached skill level 5 in Dodging
  6067 | D:6      | Reached skill level 7 in Poison Magic
  6742 | D:6      | Killed Crazy Yiuf
  6747 | D:6      | Got a crystal mace
  6748 | D:6      | Identified the +0 mace "Beast's Undoing" {drain, rElec
                  | Str-2 Int+3} (You found it on level 6 of the Dungeon)
  6871 | D:7      | Noticed Menkaure
  6879 | D:7      | Killed Menkaure
  7069 | D:7      | Noticed Maggie
  7079 | D:7      | Killed Maggie
  7079 | D:7      | Reached skill level 8 in Poison Magic
  7079 | D:7      | Reached XP level 9. HP: 53/53 MP: 13/13
  7221 | D:7      | HP: 1/79 [hippogriff (4)]
  7235 | D:7      | Gained mutation: You are dopey. (Int -2) [potion of
                  | mutation]
  7235 | D:7      | Gained mutation: Your flesh is heat resistant. (rF+)
                  | [potion of mutation]
  7235 | D:7      | Gained mutation: Scrolls take you a little longer to read.
                  | [potion of mutation]
  7235 | D:7      | Gained mutation: You are agile. (Dex +2) [potion of
                  | mutation]
  7238 | D:7      | Slain by an ice beast

Illustrated notes

Levels and vault maps discovered:
D:1:      dpeg_arrival_brainrot, layout_rooms, serial_park_tiny_pond,
          glass_columns_c, minmay_box_of_dots
D:2:      layout_basic, gammafunk_temple_overflow_elements,
          minmay_misc_feat_ornament, minmay_fractal_squares_5, uniq_sigmund
D:3:      layout_loops_ring
D:4:      minmay_general_purpose_star, layout_basic, lemuel_doored_altar
D:5:      layout_rooms, regret_index_temple_of_mockery,
          minmay_temple_entry_glass
D:6:      layout_basic, uniq_crazy_yiuf_cottage
D:7:      layout_cave_pools, tgw_trog, serial_shops, shop_statue, uniq_maggie,
          uniq_menkaure
Temple:   cyrus_circular_temple

Skill      XL: |  1  2  3  4  5  6  7  8 |
---------------+-------------------------+-----
Poison Magic   | 4 5 6 8 |  8.8
Stealth        | 3 4 5 7 |  7.6
Fighting       | 1 |  1.3
Short Blades   | 1 2 |  2.9
Spellcasting   | 3 |  3.0
Dodging        | 3 4 6 |  6.8
Transmutations | 2 4 |  4.0

Action                   |  1- 3 |  4- 6 |  7- 9 || total
-------------------------+-------+-------+-------++-------
Melee: Unarmed           |     7 |       |       ||     7
       Short sword       |    58 |    84 |   124 ||   266
       Tentacles         |    10 |    11 |    14 ||    35
       Constrict         |    11 |    19 |    21 ||    51
Throw: Throwing net      |     1 |       |       ||     1
       Dart              |       |     6 |     2 ||     8
 Cast: Sting             |    11 |    18 |    23 ||    52
       Poisonous Vapours |       |       |     6 ||     6
       Olgreb's Toxic Ra |       |       |     4 ||     4
       Ignite Poison     |       |       |     1 ||     1
Evoke: Wand              |       |       |    14 ||    14
  Use: Scroll            |     2 |     6 |     5 ||    13
       Potion            |     1 |     1 |     8 ||    10
 Stab: Sleeping          |     4 |    10 |    18 ||    32
       Distracted        |       |       |     1 ||     1
       Paralysed         |       |       |     5 ||     5
Armor: Skin              |     7 |     8 |    54 ||    69
Dodge: Dodged            |    48 |    45 |    99 ||   192

Table legend: (Time is in decaauts)
 A = Elapsed time spent in this place.
 B = Non-inter-level travel time spent in this place.
 C = Inter-level travel time spent in this place.
 D = Time resting spent in this place.
 E = Time spent auto-exploring this place.
 F = Levels seen in this place.
 G = Mean time per level.
                   A        B        C        D        E       F      G
               +--------+--------+--------+--------+--------+-----+--------+
         Total |   7233 |   7106 |    127 |   2053 |   3941 |   8 |  904.1 |
       Dungeon |   7186 |   7059 |    127 |   2008 |   3941 |   7 | 1026.6 |
        Temple |     46 |     46 |      0 |     45 |      0 |   1 |   46.0 |
               +--------+--------+--------+--------+--------+-----+--------+

Top non-repeatable levels by time:
     D:4: 1334 daAuts
     D:5: 1261 daAuts
     D:1: 1234 daAuts
     D:2: 1033 daAuts
     D:6: 993 daAuts
     D:3: 908 daAuts
     D:7: 421 daAuts
  Temple: 46 daAuts
